[Event "Late-Titled-Tuesday-Blitz-August-29-2023"]
[Site "Chess.com"]
[Date "2023.08.29"]
[Round "2"]
[White "Oleksandr_Bortnyk"]
[Black "chessisveryfun1264"]
[Result "1-0"]
[WhiteElo "3042"]
[BlackElo "2517"]
[TimeControl "180+1"]
[EndTime "14:16:17 PDT"]
[Termination "Oleksandr_Bortnyk won by resignation"]

1. e4 e6 2. d4 d5 3. Nc3 Bb4 4. Qd3 Nf6 5. e5 Nfd7 6. Qg3 Kf8 7. a3 Bxc3+ 8. Qxc3 b6 9. b4 c5 10. Be3 cxd4 11. Bxd4 a6 12. a4 Ra7 13. Nf3 Rc7 14.
Qb2 Nc6 15. Bd3 Qe7 16. c3 f6 17. exf6 gxf6 18. Be3 e5 19. Be2 d4 20. Bh6+ Ke8 21.
O-O dxc3 22. Qxc3 Qxb4 23. Qe3 Qc5 24. Qb3 Nf8 25. Rac1 Be6 26. Qd3 Qa5 27. Qd6 Qd5 28. Qxc7 1-0

[Event "Late-Titled-Tuesday-Blitz-August-29-2023"]
[Site "Chess.com"]
[Date "2023.08.29"]
[Round "2"]
[White "ariosp"]
[Black "Eloist"]
[Result "0-1"]
[WhiteElo "2228"]
[BlackElo "2467"]
[TimeControl "180+1"]
[EndTime "14:16:17 PDT"]
[Termination "Eloist won by checkmate"]

1. e4 e6 2. d4 d5 3. Nd2 c5 4.
Ngf3 cxd4 5. exd5 Qxd5 6. Bc4 Qd6 7. O-O Nf6 8. Nb3 Nc6 9. Qe2 a6 10. Rd1 b5 11. Bd3 Bb7 12. Nbxd4 Nxd4 13. Nxd4 Qd5 14. Qf1 Bd6 15. Nxb5 Bxh2+ 16. Kxh2 Qh5+ 17. Kg1 axb5 18. Bxb5+ Ke7 19. Bd2 Ng4 20. Bb4+ Kf6 21. Bd6 e5 22.
Bxe5+ Qxe5 23. f3 Qe3+ 24. Kh1 Qh6+ 25. Kg1 Qh2# 0-1

[Event "Late-Titled-Tuesday-Blitz-August-29-2023"]
[Site "Chess.com"]
[Date "2023.08.29"]
[Round "2"]
[White "PawnEatingZombie"]
[Black "Roedor"]
[Result "0-1"]
[WhiteElo "2095"]
[BlackElo "2438"]
[TimeControl "180+1"]
[EndTime "14:16:18 PDT"]
[Termination "Roedor won by resignation"]

1. e4 e5 2. Nf3 Nc6 3. d4 exd4 4. Nxd4 Nf6 5. Nxc6 bxc6 6. Nd2 d5 7. exd5 cxd5 8.
Bb5+ Bd7 9. Bxd7+ Qxd7 10. O-O Be7 11. Re1 O-O 12. h3 c6 13. Qf3 Rfe8 14. b3 Bb4 15.
Rxe8+ Rxe8 16. c3 Re1+ 17. Nf1 Bd6 18. Bb2 Rxa1 19. Bxa1 Ne4 20. c4 h6 21. cxd5 cxd5 22. Ne3 Bc5 23. Qf4 d4 24. Qxe4 dxe3 25. Qa8+ Kh7 26.
Qe4+ f5 27. Qe5 Qd1+ 28. Kh2 Bd6 0-1

[Event "Late-Titled-Tuesday-Blitz-August-29-2023"]
[Site "Chess.com"]
[Date "2023.08.29"]
[Round "2"]
[White "stoleriu"]
[Black "kinga2008"]
[Result "0-1"]
[WhiteElo "2612"]
[BlackElo "2414"]
[TimeControl "180+1"]
[EndTime "14:16:20 PDT"]
[Termination "kinga2008 won by resignation"]

1. b3 g6 2. Bb2 Nf6 3. Bxf6 exf6 4. e3 Bg7 5. d4 c5 6. Nf3 Nc6 7. Be2 cxd4 8. exd4 d5 9. O-O O-O 10. c3 Bg4 11.
Nbd2 Re8 12. h3 Be6 13. Re1 Rc8 14. Rc1 Qa5 15. Qc2 b5 16. b4 Qb6 17. Qb2 Bf5 18.
Nh4 Be4 19. f3 g5 20. fxe4 gxh4 21. exd5 Ne7 22. Bf3 Bh6 23. Ne4 Bxc1 24. Qxc1 Nxd5 25. Qh6 Rxc3 26. Rf1 Qxd4+ 27. Kh1 Rxe4 28. Rc1 0-1

[Event "Late-Titled-Tuesday-Blitz-August-29-2023"]
[Site "Chess.com"]
[Date "2023.08.29"]
[Round "2"]
[White "Rud_Makarian"]
[Black "SRob2003"]
[Result "1-0"]
[WhiteElo "3009"]
[BlackElo "2637"]
[TimeControl "180+1"]
[EndTime "14:16:23 PDT"]
[Termination "Rud_Makarian won by resignation"]

1. d4 Nf6 2. c4 e6 3. Nf3 d5 4. g3 Be7 5. Bg2 O-O 6. O-O dxc4 7. Qc2 a6 8. a4 Bd7 9. Qxc4 Bc6 10. Bg5 Nbd7 11.
Nc3 h6 12. Bxf6 Nxf6 13. Rfd1 a5 14. Qb3 Qc8 15. Rac1 Bxf3 16. Bxf3 c6 17. h4 Qd7 18. h5 Rfd8 19. Kg2 Bd6 20. e3 Qe7 21. Ne4 Nxe4 22. Bxe4 e5 23. d5 cxd5 24. Rxd5 Bb4 25. Rcd1 Rxd5 26.
Rxd5 Rd8 27. Qd3 Rxd5 28. Bxd5 b6 29. Qf5 Qc7 30. Be4 Kf8 31. Qh7 Qc1 32. Qh8+ Ke7 33. Qxg7 Qxb2 34. Qxh6 Be1 35. Qg5+ f6 36. Qf5 Qb4 37. h6 Qc4 38. h7 1-0

[Event "Late-Titled-Tuesday-Blitz-August-29-2023"]
[Site "Chess.com"]
[Date "2023.08.29"]
[Round "2"]
[White "Rutricks"]
[Black "sergiochess83"]
[Result "0-1"]
[WhiteElo "2613"]
[BlackElo "2956"]
[TimeControl "180+1"]
[EndTime "14:16:24 PDT"]
[Termination "sergiochess83 won by resignation"]

1. Nf3 d5 2. b3 c5 3. Bb2 f6 4. e3 e5 5. Bb5+ Bd7 6. Bxd7+ Qxd7 7. d3 Nc6 8. Qe2 Nh6 9. c4 d4 10. exd4 cxd4 11. a3 a5 12. Nbd2 Nf7 13. Ne4 Be7 14.
O-O O-O 15. Ne1 Rab8 16. Nc2 b5 17. c5 f5 18. Ng3 Bxc5 19. b4 axb4 20. axb4 Nxb4 21.
Nxb4 Bxb4 22. Ra6 Bd6 23. Qf3 g6 24. Qd5 Rfd8 25. f4 exf4 26. Ne2 Qb7 27. Qa2 Ra8 28.
Rxa8 Qxa8 29. Qb3 Qc6 30. Rc1 Qe8 31. Nxd4 Qe3+ 32. Kh1 Be5 33. Ne6 Bxb2 34. Qxb2 Qxe6 35. Qb4 f3 36. gxf3 Qe3 37. Rf1 Qxd3 38. Re1 Qxf3+ 39. Kg1 Qg4+ 40. Qxg4 fxg4 41. Rb1 Rb8 42. Rb4 Ne5 43.
Rxb5 Rxb5 0-1

[Event "Late-Titled-Tuesday-Blitz-August-29-2023"]
[Site "Chess.com"]
[Date "2023.08.29"]
[Round "2"]
[White "kleinebeer98"]
[Black "Fuzesabonyilaci"]
[Result "1-0"]
[WhiteElo "2752"]
[BlackElo "2414"]
[TimeControl "180+1"]
[EndTime "14:16:24 PDT"]
[Termination "kleinebeer98 won on time"]

1. e4 e6 2. c4 c5 3. Nf3 Nc6 4. Nc3 Nf6 5. d4 cxd4 6. Nxd4 Bb4 7. Nxc6 bxc6 8. Bd3 e5 9. O-O O-O 10. Bg5 h6 11.
Bh4 g5 12. Bg3 Bxc3 13. bxc3 d6 14. Rb1 Qa5 15. h4 Kg7 16. Qd2 Nh7 17. f3 Be6 18.
Bf2 Rab8 19. Rbd1 Rfd8 20. Be3 f6 21. g3 Qa4 22. f4 Bxc4 23. fxg5 fxg5 24. hxg5 hxg5 25.
Bxg5 Bxd3 26. Bxd8 Bxf1 27. Qxd6 Bc4 28. Qxe5+ Kg8 29.
Rd2 Qb5 30. Qf4 Qc5+ 31. Kh2 Rb7 32. Bc7 Qf8 33. Rd8 Qxd8 34. Bxd8 Rf7 35. Qg4+ Rg7 36. Qc8 Nf8 37. Qxc6 Be6 38. Bf6 Rh7+ 39. Kg1 Rh6 40. Bd4 Rg6 41. Qd6 Bf7 42. Qe5 1-0

[Event "Late-Titled-Tuesday-Blitz-August-29-2023"]
[Site "Chess.com"]
[Date "2023.08.29"]
[Round "2"]
[White "el_sporco"]
[Black "maurovargas01"]
[Result "1-0"]
[WhiteElo "2425"]
[BlackElo "1892"]
[TimeControl "180+1"]
[EndTime "14:16:24 PDT"]
[Termination "el_sporco won by checkmate"]

1. e4 d5 2. exd5 Qxd5 3. Nc3 Qa5 4. d4 c6 5. Nf3 Bg4 6. Be2 Nf6 7. O-O e6 8. Ne5 Bxe2 9. Nxe2 Bd6 10. Nc4 Qc7 11.
Nxd6+ Qxd6 12. Bf4 Qe7 13. c4 Nbd7 14. c5 e5 15. Bg3 O-O-O 16. Qa4 Kb8 17. Rfe1 Ka8 18. dxe5 Nxc5 19. exf6 Qxf6 20. Qh4 Qxb2 21. Rab1 Qxa2 22. Qe7 Rhe8 23. Qxc5 Rxe2 24. Qb4 Rxe1+ 25. Rxe1 a5 26. Qb6 Qd2 27. Rf1 a4 28. Bf4 Qd1 29. Qa5# 1-0

[Event "Late-Titled-Tuesday-Blitz-August-29-2023"]
[Site "Chess.com"]
[Date "2023.08.29"]
[Round "2"]
[White "karinachess1"]
[Black "Schwindle"]
[Result "1-0"]
[WhiteElo "2586"]
[BlackElo "2392"]
[TimeControl "180+1"]
[EndTime "14:16:29 PDT"]
[Termination "karinachess1 won by checkmate"]

1. e4 e6 2. d4 d5 3. Nc3 Nf6 4. e5 Nfd7 5. f4 c5 6. Nf3 Nc6 7. Be3 Be7 8. Qd2 a6 9. dxc5 Nxc5 10. O-O-O b5 11. Kb1 b4 12. Ne2 Ne4 13. Qe1 Rb8 14.
Nfd4 Nxd4 15. Bxd4 Qa5 16. Ka1 Bd7 17. Ng3 Bc6 18.
Bd3 O-O 19. Nxe4 dxe4 20. Bxe4 Bxe4 21. Qxe4 b3 22. cxb3 Rxb3 23. f5 exf5 24. Qxf5 Rb5 25.
Qd7 Bg5 26. e6 fxe6 27. Qxg7# 1-0

[Event "Late-Titled-Tuesday-Blitz-August-29-2023"]
[Site "Chess.com"]
[Date "2023.08.29"]
[Round "2"]
[White "Korchmar_Vasiliy"]
[Black "JiiHart"]
[Result "1-0"]
[WhiteElo "2685"]
[BlackElo "2118"]
[TimeControl "180+1"]
[EndTime "14:16:31 PDT"]
[Termination "Korchmar_Vasiliy won by checkmate"]

1. e4 c5 2. d4 cxd4 3. Qxd4 Nc6 4. Qd3 Nf6 5. Nc3 e5 6. Bg5 Bb4 7. O-O-O Bxc3 8. bxc3 O-O 9. Ne2 d6 10. Ng3 Be6 11. Nh5 Nxh5 12. Bxd8 Rfxd8 13. g3 Rac8 14. h4 d5 15. Bh3 Bxh3 16. Rxh3 dxe4 17. Qxe4 Rxd1+ 18. Kxd1 Nf6 19. Qf5 Rd8+ 20. Kc1 Nd5 21. Kb2 Nb6 22.
Qe4 f6 23. g4 Na5 24. Rd3 Nbc4+ 25. Kc1 Rc8 26. Qd5+ Kf8 27. g5 b5 28. gxf6 gxf6 29. Rg3 Rc6 30. Rg8+ Ke7 31. Rg7+ Ke8 32. Qg8# 1-0

[Event "Late-Titled-Tuesday-Blitz-August-29-2023"]
[Site "Chess.com"]
[Date "2023.08.29"]
[Round "2"]
[White "Nick12772"]
[Black "Zavgorodniy_Sergiy"]
[Result "0-1"]
[WhiteElo "2376"]
[BlackElo "2537"]
[TimeControl "180+1"]
[EndTime "14:16:34 PDT"]
[Termination "Zavgorodniy_Sergiy won by resignation"]

1. Nf3 d5 2. g3 Nf6 3. Bg2 e6 4.
O-O Be7 5. d4 O-O 6. Bf4 b6 7.
c3 Bb7 8. Nbd2 Nbd7 9. Ne5 Nxe5 10.
Bxe5 c5 11. Nf3 Bd6 12. Bxd6 Qxd6 13. Ne5 Nd7 14. Nxd7 Qxd7 15. e3 Qe7 16. a4 a5 17.
Qb3 Qc7 18. Rfd1 Rfd8 19. Rac1 Rab8 20. c4 dxc4 21. Qxc4 Bxg2 22. Kxg2 Qb7+ 23. Kg1 cxd4 24. Rxd4 Rdc8 25. Qf1 Rxc1 26. Qxc1 Rc8 27. Qd2 g6 28. h4 h5 29. Kh2 Qc7 30. Rd6 Qc5 31. Rd8+ Rxd8 32. Qxd8+ Kg7 33. Qd2 Qc4 34. Qd1 e5 35. b3 Qc3 36. Kg1 Qb2 37. Qd6 Qxb3 38. Qxe5+ Kh7 39.
Qc7 Kg7 40. Qe5+ Kh7 41. Qc7 Qe6 42. Kh2 Qf6 43. Kg2 Kg7 44. Kg1 Qa1+ 45. Kh2 Qxa4 46.
Qxb6 Qb4 47. Qa7 a4 48. Kg2 a3 49. Kf3 Qb2 0-1

[Event "Late-Titled-Tuesday-Blitz-August-29-2023"]
[Site "Chess.com"]
[Date "2023.08.29"]
[Round "2"]
[White "FaustinoOro"]
[Black "angryspacevoid"]
[Result "1-0"]
[WhiteElo "2908"]
[BlackElo "2578"]
[TimeControl "180+1"]
[EndTime "14:16:38 PDT"]
[Termination "FaustinoOro won by resignation"]

1. e4 c5 2. Nf3 a6 3. c3 g6 4. d4 cxd4 5. cxd4 d5 6. e5 Bg4 7. Nc3 Nc6 8. Be3 e6 9. Be2 Bxf3 10. Bxf3 Nge7 11. O-O Nf5 12. Bg4 Nxe3 13. fxe3 Bh6 14. Qf3 O-O 15. Rae1 b5 16. Qf2 Bg5 17. Be2 f6 18. h4 Bxe3 19. Qxe3 fxe5 20. Rxf8+ Qxf8 21. dxe5 d4 22. Qf3 Qxf3 23. Bxf3 dxc3 24. Bxc6 Rc8 25. Bd7 1-0

[Event "Late-Titled-Tuesday-Blitz-August-29-2023"]
[Site "Chess.com"]
[Date "2023.08.29"]
[Round "2"]
[White "Dare-Dare"]
[Black "Incognito_Knight"]
[Result "0-1"]
[WhiteElo "2519"]
[BlackElo "2776"]
[TimeControl "180+1"]
[EndTime "14:16:41 PDT"]
[Termination "Incognito_Knight won by resignation"]

1. Nf3 b6 2. c4 Bb7 3. Nc3 Nf6 4. e3 g6 5. d4 Bg7 6. Bd3 O-O 7. O-O d5 8. cxd5 Nxd5 9. Nxd5 Qxd5 10. e4 Qd6 11. Be3 Nc6 12. d5 Nb4 13. Bd4 e5 14. Bc3 Nxd3 15. Qxd3 f5 16. Rad1 fxe4 17. Qxe4 Rf4 18. Qe3 Rf5 19. Qe4 Rd8 20. Bb4 Qd7 21. Rfe1 Rf4 22. Nxe5 Rxe4 23. Nxd7 Rxe1+ 24. Rxe1 Rxd7 0-1

[Event "Late-Titled-Tuesday-Blitz-August-29-2023"]
[Site "Chess.com"]
[Date "2023.08.29"]
[Round "2"]
[White "tarno17"]
[Black "whiteglovethief"]
[Result "1-0"]
[WhiteElo "2185"]
[BlackElo "2438"]
[TimeControl "180+1"]
[EndTime "14:16:41 PDT"]
[Termination "tarno17 won by resignation"]

1. e4 e6 2. d4 d5 3. Nd2 c5 4. exd5 exd5 5. Ngf3 Nc6 6. Bb5 Qe7+ 7. Qe2 Qxe2+ 8.
Kxe2 Bd6 9. Re1 f6 10. dxc5 Bxc5 11. Nb3 Bb6 12. Kf1+ Kf7 13. Be3 Bxe3 14. Rxe3 Nge7 15. Nbd4 a6 16. Bxc6 bxc6 17. Rae1 Nf5 18. Nxf5 Bxf5 19. Re7+ Kf8 20. Nd4 Be4 21. Rc7 h5 22. f3 c5 23.
Ne6+ Ke8 24. fxe4 d4 25. Nxg7+ Kd8 26. Rxc5 Rh7 27. Ne6+ Ke7 28. Nxd4 Rhh8 29. Nf5+ Kf7 30. Rc7+ Kg8 31. Rd1 Rh7 32. Rxh7 Kxh7 33. Rd7+ Kh8 34.
Rf7 h4 35. Rxf6 h3 36. gxh3 a5 37. c4 a4 38. c5 a3 39. bxa3 Rxa3 40. c6 Rc3 41. a4 Rc5 42. Ke2 Kh7 43. Ke3 Kh8 44. Kf4 Kh7 45. Kg5 Kg8 46. Kg6 1-0

[Event "Late-Titled-Tuesday-Blitz-August-29-2023"]
[Site "Chess.com"]
[Date "2023.08.29"]
[Round "2"]
[White "lamomiajunior"]
[Black "newyorkmouse"]
[Result "1-0"]
[WhiteElo "2748"]
[BlackElo "2486"]
[TimeControl "180+1"]
[EndTime "14:16:42 PDT"]
[Termination "lamomiajunior won on time"]

1. d4 Nf6 2. Nc3 d5 3. Bf4 c5 4.
e4 cxd4 5. Qxd4 Nc6 6. Bb5 Bd7 7. Bxc6 Bxc6 8. e5 Nd7 9. e6 fxe6 10. Nf3 Qb6 11. Be5 Qxd4 12. Bxd4 Rg8 13. h4 g6 14.
O-O-O Bg7 15. Bxg7 Rxg7 16. Rhe1 Nf8 17. Ne2 Rc8 18.
Ned4 Bd7 19. c3 h6 20. g4 Rf7 21. Rd2 Rf4 22. Ne5 h5 23. f3 Bc6 24. Kb1 hxg4 25. fxg4 Nd7 26. Nxg6 Rxg4 27. h5 e5 28. Nxe5 Rh4 29.
Nf5 Rh3 30. Ng6 e5 31. Nxe5 Nxe5 32. Rxe5+ Kd7 33. Re7+ Kd8 34. Rde2 1-0

[Event "Late-Titled-Tuesday-Blitz-August-29-2023"]
[Site "Chess.com"]
[Date "2023.08.29"]
[Round "2"]
[White "vi_pranav"]
[Black "IMRosen"]
[Result "1-0"]
[WhiteElo "2957"]
[BlackElo "2615"]
[TimeControl "180+1"]
[EndTime "14:16:43 PDT"]
[Termination "vi_pranav won on time"]

1. e4 c5 2. Nf3 Nc6 3. Bb5 e6 4. Bxc6 bxc6 5. d3 Ne7 6. O-O Ng6 7. Ng5 f6 8. Nh3 e5 9. f4 d6 10. f5 Ne7 11. Qh5+ Kd7 12. a4 Qe8 13. Qe2 Ba6 14. Nd2 Qf7 15. Nc4 g6 16. fxg6 hxg6 17. Ng5 Qg7 18.
Qg4+ f5 19. exf5 gxf5 20. Rxf5 Nxf5 21. Qxf5+ Ke8 22. Qe6+ Kd8 23. Nf7+ Kc7 24. Nxh8 Bxc4 25. dxc4 Qxh8 26. Qf7+ Kc8 27. Be3 Qg7 28. Rf1 Qxf7 29. Rxf7 Be7 30. Rxe7 Rb8 31. Re8+ Kb7 32. Rxb8+ Kxb8 33. h4 d5 34. h5 d4 35. h6 d3 36. c3 1-0

[Event "Late-Titled-Tuesday-Blitz-August-29-2023"]
[Site "Chess.com"]
[Date "2023.08.29"]
[Round "2"]
[White "JSlaby"]
[Black "BogdanDeac"]
[Result "0-1"]
[WhiteElo "2501"]
[BlackElo "3020"]
[TimeControl "180+1"]
[EndTime "14:16:44 PDT"]
[Termination "BogdanDeac won by resignation"]

1. Nf3 d5 2. c4 e6 3. d4 Nf6 4.
g3 Be7 5. Bg2 O-O 6. O-O Nbd7 7.
Qc2 c6 8. Nc3 dxc4 9. a4 b6 10.
Rd1 Nd5 11. Ne5 Nxe5 12. dxe5 Qc7 13. Bf4 Ba6 14. Ne4 Rad8 15. Bf3 h6 16. Qc1 g5 17.
Bd2 Qxe5 18. a5 b5 19. h4 g4 20. Bg2 h5 21. Bg5 f6 22. Bh6 Rfe8 23. Qc2 f5 24. Ng5 Qf6 25. e4 fxe4 26. Qxe4 Qxh6 0-1

[Event "Late-Titled-Tuesday-Blitz-August-29-2023"]
[Site "Chess.com"]
[Date "2023.08.29"]
[Round "2"]
[White "Andreikka"]
[Black "Ajedrez_con_German"]
[Result "1-0"]
[WhiteElo "3036"]
[BlackElo "2657"]
[TimeControl "180+1"]
[EndTime "14:16:45 PDT"]
[Termination "Andreikka won by resignation"]

1. c4 e6 2. Nc3 d5 3. d4 Nf6 4. cxd5 Nxd5 5. e4 Nxc3 6. bxc3 c5 7. Nf3 cxd4 8. cxd4 Bb4+ 9. Bd2 Bxd2+ 10. Qxd2 O-O 11. Bc4 Nd7 12. O-O b6 13. Rfe1 Bb7 14.
Rad1 Rc8 15. Bb3 h6 16. h3 Qf6 17. Re3 e5 18. d5 Nc5 19. Bc2 Rfd8 20. Qb4 a5 21.
Qb2 Re8 22. Rb1 Nd7 23. Ba4 Qd6 24. Bxd7 Qxd7 25. Qxb6 Ba8 26. Nh4 Qa4 27. Nf5 Rb8 28.
Qxb8 Rxb8 29. Rxb8+ Kh7 30. Rxa8 Qxa2 31. d6 1-0

[Event "Late-Titled-Tuesday-Blitz-August-29-2023"]
[Site "Chess.com"]
[Date "2023.08.29"]
[Round "2"]
[White "b_6"]
[Black "Francisco_Ferrari"]
[Result "1-0"]
[WhiteElo "2453"]
[BlackElo "2162"]
[TimeControl "180+1"]
[EndTime "14:16:45 PDT"]
[Termination "b_6 won by resignation"]

1. Nf3 g6 2. g3 Bg7 3. Bg2 d5 4. d4 Nf6 5. O-O O-O 6. c4 c6 7.
Nc3 dxc4 8. e4 b5 9. Qe2 Bb7 10. Rd1 Nbd7 11. e5 Nd5 12. e6 fxe6 13.
Ng5 e5 14. Ne6 Qb6 15. Nxf8 Rxf8 16. Nxd5 cxd5 17. dxe5 Nxe5 18. Be3 Qc7 19. Bxd5+ Bxd5 20. Rxd5 Qb7 21. Rad1 Nd3 22. R1xd3 cxd3 23. Qxd3 Bxb2 24. Rxb5 Qa6 25. Qb3+ 1-0

[Event "Late-Titled-Tuesday-Blitz-August-29-2023"]
[Site "Chess.com"]
[Date "2023.08.29"]
[Round "2"]
[White "Grebeniuk-S"]
[Black "CheckBits"]
[Result "1-0"]
[WhiteElo "2622"]
[BlackElo "2393"]
[TimeControl "180+1"]
[EndTime "14:16:46 PDT"]
[Termination "Grebeniuk-S won by resignation"]

1. d4 e6 2. Nf3 d5 3. e3 c5 4. c3 Nf6 5. Bd3 Be7 6. Nbd2 O-O 7.
O-O b6 8. Ne5 Ba6 9. Bxa6 Nxa6 10. f4 Qc7 11. Qf3 Nd7 12. Qh3 g6 13. Ndf3 Rae8 14. Bd2 c4 15. Be1 Nab8 16. Bh4 Bxh4 17.
Qxh4 f6 18. Ng4 Nc6 19. Nh6+ Kg7 20. g4 b5 21. g5 f5 22. a3 a5 23. Ne5 Ndxe5 24. fxe5 Rb8 25. Qf4 Rb7 26. h4 b4 27.
axb4 axb4 28. h5 bxc3 29. bxc3 Rb2 30. Rf2 Rfb8 31. hxg6 hxg6 32. Qh2 Rxf2 33. Qxf2 Qb6 34. Qh2 Rh8 35. Qc2 Qd8 36. Qg2 Qb6 37. Qc2 Rb8 38.
Qh2 Qd8 39. Nxf5+ exf5 40. Qh6+ Kf7 41. Qh7+ Kf8 42. Qxg6 Ne7 43. Qf6+ Ke8 44. Ra7 Rb2 45. Qh8+ 1-0

[Event "Late-Titled-Tuesday-Blitz-August-29-2023"]
[Site "Chess.com"]
[Date "2023.08.29"]
[Round "2"]
[White "Mesa_1"]
[Black "tptagain"]
[Result "0-1"]
[WhiteElo "2561"]
[BlackElo "2888"]
[TimeControl "180+1"]
[EndTime "14:16:47 PDT"]
[Termination "tptagain won by resignation"]

1. e4 c6 2. d4 d5 3. e5 Bf5 4.
Nf3 e6 5. Be2 Nd7 6. O-O Ne7 7.
c3 h6 8. a4 g5 9. Na3 Ng6 10.
Nc2 f6 11. Ne3 fxe5 12. Nxf5 exf5 13. dxe5 Bg7 14. Nd4 Ndxe5 15. Bh5 Qd7 16. f4 gxf4 17. Bxg6+ Nxg6 18. Qh5 Bxd4+ 19. cxd4 Qf7 20. Qe2+ Kd7 21. Bxf4 Rae8 22. Qd2 Re4 23. Qb4 Kc8 24. Qd6 Rxf4 25. Rxf4 Rd8 26. Qc5 Nxf4 27. Qxa7 Qg7 28. Qa8+ Kc7 29.
Qa5+ Kd7 30. g3 Qxd4+ 31. Kf1 0-1

[Event "Late-Titled-Tuesday-Blitz-August-29-2023"]
[Site "Chess.com"]
[Date "2023.08.29"]
[Round "2"]
[White "STARMATEcc"]
[Black "Levanzovsky"]
[Result "0-1"]
[WhiteElo "2538"]
[BlackElo "2401"]
[TimeControl "180+1"]
[EndTime "14:16:47 PDT"]
[Termination "Levanzovsky won by resignation"]

1. e4 c6 2. d4 d5 3. Nc3 dxe4 4.
Nxe4 Nf6 5. Nxf6+ exf6 6. c3 Bd6 7. Bd3 O-O 8. Qc2 Re8+ 9. Ne2 h5 10. Be3 Nd7 11.
Ng3 Nb6 12. O-O h4 13. Ne4 Nd5 14. Nxd6 Qxd6 15. Bd2 h3 16. g3 Bd7 17. Rae1 a5 18.
a3 b5 19. Bh7+ Kh8 20. Bf5 g6 21. Bxd7 Qxd7 22. Re4 Rxe4 23. Qxe4 Re8 24. Qh4+ Kg8 25. Re1 Rxe1+ 26. Bxe1 Qf5 27. g4 Qe4 28. f3 Qxf3 29. Qg3 Qe2 30. Bf2 Qd1+ 31. Be1 Nf4 32. Qxf4 Qxe1+ 33. Qf1 Qe3+ 34. Kh1 Qe4+ 35. Qg2 0-1

[Event "Late-Titled-Tuesday-Blitz-August-29-2023"]
[Site "Chess.com"]
[Date "2023.08.29"]
[Round "2"]
[White "sofaceindisguise"]
[Black "geordie_derraugh"]
[Result "1-0"]
[WhiteElo "2680"]
[BlackElo "2406"]
[TimeControl "180+1"]
[EndTime "14:16:51 PDT"]
[Termination "sofaceindisguise won by resignation"]

1. e4 e5 2. Nf3 Nc6 3. Bb5 a6 4. Ba4 Nf6 5. O-O Be7 6. d4 exd4 7. e5 Nd5 8. Nxd4 Nb6 9. Bb3 Nxd4 10. Qxd4 O-O 11.
Bf4 Bg5 12. Bg3 Qe7 13. Nc3 c5 14. Qd3 Kh8 15. Rfe1 h6 16. Rad1 Bh4 17. Nd5 Nxd5 18.
Bxd5 Bxg3 19. hxg3 Rb8 20. f4 b5 21. f5 Qg5 22. Qe3 Qxf5 23. Qxc5 d6 24. Qxd6 Be6 25.
Rf1 Rfd8 26. Rxf5 Rxd6 27. exd6 Bxf5 28. Bxf7 Bxc2 29. Rc1 Bf5 30. Rc6 a5 31. Bd5 Rd8 32. Kf2 Bh7 33. Ke3 Bg8 34. Kd4 Bxd5 35. Kxd5 Kg8 36.
Rc7 Rf8 37. d7 1-0

[Event "Late-Titled-Tuesday-Blitz-August-29-2023"]
[Site "Chess.com"]
[Date "2023.08.29"]
[Round "2"]
[White "CarrotsandPizza"]
[Black "carokannlover213"]
[Result "0-1"]
[WhiteElo "2325"]
[BlackElo "2700"]
[TimeControl "180+1"]
[EndTime "14:16:52 PDT"]
[Termination "carokannlover213 won on time"]

1. e4 c5 2. Nf3 d6 3. d4 cxd4 4. Nxd4 Nf6 5. Nc3 Nc6 6. Bc4 e6 7. Be3 a6 8. Bb3 Qc7 9. f4 Nxd4 10. Qxd4 Be7 11. g4 e5 12. Qd3 Bxg4 13. f5 d5 14.
Bxd5 Bb4 15. Rg1 Kf8 16. Bd2 Rd8 17. Qg3 Rg8 18. Bb3 Rxd2 19. Rg2 Rxg2 20. Qxg2 Bxc3+ 21. Kf1 Bxb2 22. Re1 Bd4 23. Qg3 Qc3 0-1

[Event "Late-Titled-Tuesday-Blitz-August-29-2023"]
[Site "Chess.com"]
[Date "2023.08.29"]
[Round "2"]
[White "Ncatt"]
[Black "BlackBoarder"]
[Result "0-1"]
[WhiteElo "2422"]
[BlackElo "2739"]
[TimeControl "180+1"]
[EndTime "14:16:54 PDT"]
[Termination "BlackBoarder won by resignation"]

1. e4 e6 2. d4 d5 3. exd5 exd5 4.
Nf3 Nf6 5. Bd3 c5 6. O-O c4 7. Be2 Bd6 8. b3 cxb3 9. axb3 O-O 10. c4 Nc6 11. Bg5 h6 12. Bh4 Bg4 13. Nc3 Bxf3 14. Bxf3 dxc4 15. bxc4 Nxd4 16. Bxb7 Rb8 17. Bd5 Nf5 18.
Bxf6 Qxf6 19. Ne4 Qg6 20. Nxd6 Nxd6 21. Rxa7 Rbc8 22. Qd4 Rfd8 23. Qf4 Qf6 24. Qxf6 gxf6 25. Rc1 Rc5 26. g3 Rdc8 27. Rd7 Rxd5 28. cxd5 Rxc1+ 29. Kg2 Ne4 30. Rd8+ Kg7 31. d6 Rd1 32. d7 Nc5 33. h4 Rxd7 34. Rc8 Ne4 35. Rc7 Rxc7 0-1

[Event "Late-Titled-Tuesday-Blitz-August-29-2023"]
[Site "Chess.com"]
[Date "2023.08.29"]
[Round "2"]
[White "matagordo"]
[Black "jinbojinbo"]
[Result "1-0"]
[WhiteElo "2197"]
[BlackElo "2671"]
[TimeControl "180+1"]
[EndTime "14:16:55 PDT"]
[Termination "matagordo won on time"]

1. d4 Nf6 2. Bf4 g6 3. Nc3 d5 4. e3 Bg7 5. h4 h5 6. Be2 O-O 7. Nf3 c5 8. Nb5 Na6 9. c3 Bf5 10. O-O Ne4 11. a4 c4 12. b3 cxb3 13. Qxb3 Rc8 14. Rfc1 Qa5 15. c4 dxc4 16. Bxc4 Bg4 17. Ne5 Nd2 18. Bxf7+ Kh7 19. Bxg6+ Kh8 20. Nf7+ Rxf7 21.
Qxf7 Rf8 22. Qd5 Nb4 23. Qg5 Be2 24. Bxh5 Ne4 25. Qxe7 Bxh5 26. Qxe4 a6 27. Be5 axb5 28. Bxg7+ Kxg7 29. Qe7+ Kg8 30. Qg5+ 1-0

[Event "Late-Titled-Tuesday-Blitz-August-29-2023"]
[Site "Chess.com"]
[Date "2023.08.29"]
[Round "2"]
[White "Murtazin_Ruslan"]
[Black "ilya2700"]
[Result "0-1"]
[WhiteElo "2390"]
[BlackElo "2092"]
[TimeControl "180+1"]
[EndTime "14:16:55 PDT"]
[Termination "ilya2700 won by resignation"]

1. e4 c5 2. Nf3 e6 3. b3 Nf6 4.
e5 Nd5 5. Bb2 b6 6. g3 Bb7 7.
Bg2 Nc6 8. O-O Be7 9. d3 O-O 10. Nbd2 f5 11. Nc4 f4 12. a4 Qc7 13. Qe2 g5 14.
Nxg5 Bxg5 15. Qg4 Rf5 16. Nd6 Nxe5 17. Bxe5 Rxe5 18. Nc4 Nf6 19. Qh3 f3 20. Bxf3 Bxf3 21. Nxe5 Qxe5 22. Rfe1 Qd4 23. Qf1 Kf7 24. a5 Rg8 25.
axb6 axb6 26. Ra4 Qc3 27. Rc4 Qd2 28. Ra1 h5 29. Qe1 Qxe1+ 30. Rxe1 Ra8 31. Ra4 Rxa4 32.
bxa4 Bd2 33. Rb1 Bb4 34. c3 Ba5 35. d4 cxd4 36. cxd4 Ne4 37. Rb3 Nd2 38. Rb5 d5 39. h4 Kf6 0-1

[Event "Late-Titled-Tuesday-Blitz-August-29-2023"]
[Site "Chess.com"]
[Date "2023.08.29"]
[Round "2"]
[White "tgpgoat"]
[Black "FeketeBarika"]
[Result "0-1"]
[WhiteElo "2491"]
[BlackElo "2360"]
[TimeControl "180+1"]
[EndTime "14:16:57 PDT"]
[Termination "FeketeBarika won by resignation"]

1. Nf3 d5 2. b3 Nf6 3. Bb2 e6 4. e3 Bd6 5. c4 O-O 6. Be2 Re8 7.
O-O c6 8. Nc3 e5 9. cxd5 cxd5 10. Nb5 e4 11. Nxd6 Qxd6 12. Nd4 Nc6 13. d3 Nxd4 14.
Bxd4 Bf5 15. Rc1 exd3 16. Bxd3 Ng4 17. g3 Qh6 18. h4 Be4 19. Bxe4 Rxe4 20. Kg2 Rae8 21.
Bxa7 Ne5 22. Qxd5 Ng6 23. Qxe4 Rxe4 24. Rc8+ Nf8 25. Bc5 g5 26. Rxf8+ Kg7 27. hxg5 Qxg5 28. Rc8 Re6 29. Bd4+ f6 30. Rc7+ Kg6 31. Rh1 Qd5+ 32.
Kg1 h5 33. Rc5 Qf3 34. Rcxh5 Rc6 35. Rh6+ Kf7 36. Kh2 Qxf2+ 37. Kh3 Qf5+ 38. g4 Qf3+ 39. Kh4 Qxh1+ 0-1